 Dungeon Crawl Stone Soup version 0.30.1-4-g462c640d31 (webtiles) character file.

Game seed: 11416283883281590357

7358 Amplified the Protected (level 10, 0/81 HPs)
             Began as a Minotaur Hedge Wizard on Sept 16, 2023.
             Was a High Priest of Zin.
             Slain by a yak (12 damage)
             ... on level 9 of the Dungeon.
             The game lasted 00:11:27 (6818 turns).

Amplified the Protected (Minotaur Hedge Wizard)     Turns: 6818, Time: 00:11:27

Health: 0/81       AC:  8    Str: 22    XL:     10   Next: 91%
Magic:  12/12      EV: 15    Int: 13    God:    Zin [*****.]
Gold:   106        SH:  5    Dex: 12    Spells: 12/13 levels left

rFire   + . .        h - +5 mace "Igiat" {heavy, rPois Will+ rCorr Dex+3}
rCold   + . .        (no shield)
rNeg    . . .        p - +1 leather armour {rC+}
rPois   ∞            c - +2 hat
rElec   .            (no cloak)
rCorr   +            k - +0 pair of gloves
SInv    .            (no boots)
Will    +....        e - amulet of reflection
Stlth   +            l - ring of poison resistance
HPRegen 0.33/turn    (no ring)
MPRegen 0.13/turn

%: random rage (3%), reflection
@: vitalised, on berserk cooldown, slowed, very slow
A: horns 2, retaliatory headbutt, berserk 1, clumsy 1, fire resistance 1, frail
1
a: Renounce Religion, Recite, Vitalisation, Imprison, Sanctuary, Donate Gold


You were on level 9 of the Dungeon.
You worshipped Zin.
Zin was extremely pleased with you.
You visited 2 branches of the dungeon, and saw 10 of its levels.
You also visited: Ossuary.

You collected 567 gold pieces.
You spent 405 gold pieces at shops.
You donated 56 gold pieces to Zin.

Inventory:

Hand Weapons
 f - a +2 dagger of protection
 h - the +5 mace "Igiat" (weapon) {heavy, rPois Will+ rCorr Dex+3}
   (You found it on level 3 of the Dungeon)

   Dex:       It affects your dexterity (+3).
   rPois:     It protects you from poison.
   rCorr:     It protects you from acid and corrosion.
   Will:      It increases your willpower.
Missiles
 j - 7 poisoned darts (quivered)
Armour
 c - a +2 hat (worn)
 k - a +0 pair of gloves (worn)
 p - a +1 leather armour of cold resistance (worn)
Jewellery
 e - an amulet of reflection (around neck)
 l - a ring of poison resistance (left hand)
 s - a ring of ice
 u - a +6 ring of intelligence
Wands
 b - a wand of digging (8)
 g - a wand of paralysis (8)
 i - a wand of mindburst (24)
 B - a wand of iceblast (11)
Scrolls
 w - a scroll of vulnerability
 x - a scroll of amnesia
 A - a scroll of poison
Potions
 a - 6 potions of curing
 d - 2 potions of magic
 m - 2 potions of resistance
 n - 5 potions of flight {unknown}
 o - 3 potions of cancellation
 q - a potion of haste {unknown}
 r - 5 potions of heal wounds
 v - a potion of brilliance {unknown}
 z - 2 potions of attraction {unknown}


   Skills:
 * Level 9.1 Fighting
 * Level 8.6 Maces & Flails
 * Level 9.2 Armour
 * Level 8.8 Dodging
 - Level 1.6 Stealth
 - Level 2.2 Spellcasting
 - Level 0.7 Conjurations
 - Level 0.7 Summonings
 - Level 0.7 Translocations
 * Level 5.2 Invocations
 * Level 4.0 Evocations


You had 12 spell levels left.
You knew the following spells:

 Your Spells              Type           Power      Damage    Failure   Level
a - Magic Dart            Conj           12%        1d3       21%         1

Your spell library contained the following spells:

 Spells                   Type           Power      Damage    Failure   Level
 Apportation              Tloc           6%         N/A       21%         1
 Summon Small Mammal      Summ           12%        N/A       21%         1
 Necrotise                Necr           4%         1d4       28%         1
 Slow                     Hex            4%         N/A       28%         1
 Blink                    Tloc           6%         N/A       30%         2
 Call Imp                 Summ           6%         N/A       30%         2
 Cigotuvi's Dreadful Rot  Necr/Pois/Air  2%         N/A       38%         2
 Call Canine Familiar     Summ           3%         N/A       52%         3
 Mephitic Cloud           Conj/Pois/Air  2%         N/A       58%         3
 Summon Guardian Golem    Hex/Summ       2%         N/A       58%         3
 Frozen Ramparts          Ice            2%         1d1       63%         3
 Vampiric Draining        Necr           1%         2d6       63%         3
 Animate Armour           Summ/Erth      4%         N/A       94%         4
 Summon Ice Beast         Ice/Summ       2%         N/A       94%         4
 Ice Form                 Ice/Tmut       1%         N/A       95%         4
 Agony                    Necr           1%         N/A       100%        5
 Alistair's Intoxication  Tmut/Pois      0%         N/A       100%        5
 Blade Hands              Tmut           0%         N/A       100%        5
 Iron Shot                Conj/Erth      1%         9d1       100%        6


Dungeon Overview and Level Annotations

Branches:
Dungeon (9/15)             Temple (1/1) D:5         Ossuary (visited)
   Lair: D:8-11         Orc: D:9-12

Altars:
Ashenzari
Cheibriados
Dithmenos
Elyvilon
Fedhas
Gozag
Hepliaklqana
Kikubaaqudgha
Makhleb
Nemelex Xobeh
Okawaru
Sif Muna
Trog
Uskayaw
Vehumet
Wu Jian
Xom
Yredelemnul
Zin
The Shining One

Shops:
D:7 *


Innate Abilities, Weirdness & Mutations

You have a pair of horns on your head.
You reflexively headbutt those who attack you in melee.
You sometimes lose your temper in combat.
You are clumsy. (Dex -2)
Your flesh is heat resistant. (rF+)
You are frail. (-10% HP)


Message History

Unknown command.
Unknown command.
You barely miss the yak. Your headbutt misses the yak.
The yak is lightly wounded.
You block the yak's attack.
A two-headed ogre comes into view.
It is wielding two +0 giant spiked clubs.
The yak gores you.
Unknown command.
You bludgeon the yak!! You headbutt the yak.
The yak is heavily wounded.
You block the yak's attack. The yak gores you!
You hit the yak. You headbutt the yak.
The yak is severely wounded.
The yak gores you! You block the yak's attack. The yak closely misses you.
You furiously retaliate!
You headbutt the yak!
You kill the yak!
Unknown command.
The yak gores you.
You bludgeon the yak!! Your headbutt misses the yak.
The yak is heavily wounded.
The yak misses you. The yak gores you but does no damage.
Unknown command.
You sock the yak!
The yak is severely wounded.
You block the yak's attack. The yak gores you.
You sock the yak! You headbutt the yak.
The yak is almost dead.
The yak closely misses you. x2
You sock the yak!
You kill the yak!
The yak gores you!
* * * LOW HITPOINT WARNING * * *
The yak gores you but does no damage.
Your Evocations skill increases to level 4!
You thump the yak!
The yak is moderately wounded.
The yak gores you!
* * * LOW HITPOINT WARNING * * *
The yak gores you!
You die...

#.........####...########
+.........+..............
#.........####...########
##.......## ##<.##
##.....## ##..# ##...##
##.# #######'## #.#
........######## #.#
.......YOY@....# #.#
........######.# #.#
......... # #.#
.....$...Y #.#
..........Y #.#
........###Y ....[...# Y.
......... Y.


You could see a two-headed ogre and 2 yaks.

Vanquished Creatures
  Joseph (D:9)
  A troll (D:9)
  2 hornets
  Grinder (D:5)
  Prince Ribbit (D:4)
  Sigmund (D:5)
  A wyvern (D:8)
  8 yaks (D:9)
  Eustachio (D:5)
  3 water moccasins
  Duvessa (D:5)
  A sky beast (D:7)
  3 orc warriors
  An ice beast (D:8)
  3 black bears
  4 wolves (D:9)
  A centaur (D:8)
  3 phantoms
  A kobold brigand (D:7)
  4 bullfrogs
  A scorpion (D:7)
  6 water moccasin zombies (Ossuary)
  8 wights
  Dowan (D:5)
  4 killer bees (D:8)
  An electric eel (D:9)
  6 hounds
  2 jellies
  7 orc priests
  3 sleepcaps
  4 iguanas
  12 orc wizards
  2 mummies (Ossuary)
  Robin (D:2)
  7 gnolls
  8 adders
  A white imp (D:7)
  An ufetubus (D:7)
  5 adder zombies (Ossuary)
  2 worms
  A dart slug (D:2)
  34 orcs
  6 bats
  10 endoplasms
  5 giant cockroaches
  14 goblins
  10 hobgoblins
  10 kobolds
  3 quokkas
  3 ball pythons
  3 frilled lizards
  4 gnoll zombies (Ossuary)
  A hobgoblin zombie (Ossuary)
  6 kobold zombies (Ossuary)
  5 orc zombies (Ossuary)
  A quokka zombie (D:8)
  3 rats
  A rat zombie (D:8)
244 creatures vanquished.

Notes
Turn   | Place    | Note
-------+----------+-------------------------------------------
     0 | D:1      | Amplified the Minotaur Hedge Wizard began the quest for the
                  | Orb.
     0 | D:1      | Reached XP level 1. HP: 14/14 MP: 2/2
   141 | D:1      | Reached XP level 2. HP: 20/22 MP: 4/4
   247 | D:1      | Reached skill level 1 in Fighting
   270 | D:1      | Reached skill level 1 in Armour
   548 | D:1      | You fall into a shaft and drop 1 floor!
   628 | D:2      | Noticed Robin
   636 | D:2      | Reached XP level 3. HP: 28/28 MP: 5/5
   697 | D:2      | Gained mutation: You sometimes lose your temper in combat.
                  | [potion of mutation]
   697 | D:2      | Gained mutation: You are clumsy. (Dex -2) [potion of
                  | mutation]
   697 | D:2      | Gained mutation: You are frail. (-10% HP) [potion of
                  | mutation]
   697 | D:2      | Gained mutation: Your flesh is heat resistant. (rF+)
                  | [potion of mutation]
   706 | D:2      | Killed Robin
   919 | D:2      | Reached XP level 4. HP: 26/32 MP: 6/6
  1311 | D:3      | Found an ancient bone altar of Kikubaaqudgha.
  1315 | D:3      | Found a blossoming altar of Fedhas.
  1548 | D:3      | Identified the +5 mace "Igiat" {heavy, rPois Will+ rCorr
                  | Dex+3}
  1668 | D:3      | Reached XP level 5. HP: 40/40 MP: 7/7
  1830 | D:4      | Reached skill level 1 in Maces & Flails
  1840 | D:4      | Noticed a phantom
  1847 | D:4      | Killed a phantom
  1907 | D:4      | Reached XP level 6. HP: 19/45 MP: 8/8
  2482 | D:4      | Reached XP level 7. HP: 33/54 MP: 9/9
  2796 | D:5      | Entered Level 5 of the Dungeon
  2796 | D:5      | Noticed Prince Ribbit
  2804 | D:4      | Killed Prince Ribbit
  2805 | D:4      | Reached skill level 5 in Dodging
  2907 | D:5      | Reached skill level 5 in Armour
  2921 | D:5      | Noticed Grinder
  2928 | D:5      | Reached skill level 5 in Fighting
  2934 | D:5      | Killed Grinder
  3000 | D:5      | Reached XP level 8. HP: 53/62 MP: 10/10
  3078 | D:5      | Noticed Eustachio
  3098 | D:5      | Killed Eustachio
  3213 | D:5      | Found a staircase to the Ecumenical Temple.
  3299 | Temple   | Entered the Ecumenical Temple
  3509 | Temple   | Became a worshipper of Zin the Law-Giver
  3509 | Temple   | Reached * piety under Zin
  3660 | D:5      | Noticed Dowan
  3662 | D:5      | Noticed Sigmund
  3662 | D:5      | Noticed Duvessa
  3801 | D:5      | Killed Sigmund
  3802 | D:5      | Reached skill level 5 in Maces & Flails
  3829 | D:5      | Reached ** piety under Zin
  3982 | D:5      | Killed Duvessa
  3993 | D:5      | Killed Dowan
  4194 | D:6      | Reached skill level 1 in Invocations
  4383 | D:6      | Reached XP level 9. HP: 67/70 MP: 11/11
  4812 | D:7      | Found a sparkling altar of Nemelex Xobeh.
  4879 | D:7      | Found Mollor's Gadget Gallery.
  4887 | D:7      | Bought a wand of mindburst (19) for 319 gold pieces
  4961 | D:7      | Reached *** piety under Zin
  4969 | D:7      | Reached skill level 1 in Evocations
  5324 | D:7      | Bought a wand of paralysis (3) for 86 gold pieces
  5416 | D:8      | Found a sand-covered staircase.
  5431 | Ossuary  | Entered an ossuary
  5496 | Ossuary  | Reached **** piety under Zin
  5734 | D:8      | Reached XP level 10. HP: 70/79 MP: 12/12
  5825 | D:8      | Reached ***** piety under Zin
  5837 | D:8      | Identified the +0 lajatang of Proximity {freeze, *Slow
                  | Int+5 Dex+4}
  6641 | D:9      | Noticed Joseph
  6664 | D:9      | Killed Joseph
  6789 | D:9      | Reached skill level 5 in Invocations
  6810 | D:9      | Noticed a two-headed ogre
  6818 | D:9      | Slain by a yak

Illustrated notes

Levels and vault maps discovered:
D:1:      mainiacjoe_arrival_reflecting_pool, layout_rooms, serial_aquarium,
          aquarium_bridge_long_joined [aquarium_subvault_window,
          aquarium_subvault_bridge, aquarium_subvault_bridge,
          aquarium_subvault_bridge, aquarium_subvault_wall,
          aquarium_subvault_bridge], aquarium_bridge_straight
          [aquarium_subvault_bridge, aquarium_subvault_wall,
          aquarium_subvault_bridge, aquarium_subvault_wall], aquarium_window_2,
          aquarium_window_1, aquarium_window_fake, aquarium_window_2,
          aquarium_view_2a, aquarium_pool_double
D:2:      layout_rooms, uniq_robin
D:3:      layout_loops_ring, grunt_temple_overflow_growth_and_decay,
          dreamdust_wishing_well
D:4:      layout_loops_ring
D:5:      layout_rooms, minmay_temple_entry_proselytizer,
          minmay_misc_feat_four_crosses, uniq_sigmund, uniq_eustachio,
          uniq_prince_ribbit1, uniq_grinder, uniq_duvessa
D:6:      layout_rooms
D:7:      layout_loops_ring, nemelex_xobeh_ov_fountains_minmay,
          eino_tiny_chamber, nicolae_shop_gadgets
D:8:      layout_cave_pools, enter_ossuary_4
D:9:      layout_loops_corners, erik_lair_island, orc_0_dummy,
          gammafunk_ghost_ooze, uniq_joseph
Temple:   nicolae_temple_bog_church

Skill      XL: |  1  2  3  4  5  6  7  8  9 10 |
---------------+-------------------------------+-----
Fighting       | 1 2 3 4 5 6 8 9 |  9.1
Armour         | 1 2 3 4 5 6 8 9 |  9.2
Dodging        | 3 4 5 6 7 8 |  8.8
Maces & Flails | 1 3 4 6 7 8 |  8.6
Invocations    | 1 3 5 |  5.2
Evocations     | 2 4 |  4.0
Stealth        | |  1.6
Spellcasting   | |  2.2
Conjurations   | |  0.7
Summonings     | |  0.7
Translocations | |  0.7

Action                     |  1- 3 |  4- 6 |  7- 9 | 10-12 || total
---------------------------+-------+-------+-------+-------++-------
  Melee: Dagger            |   140 |    53 |       |       ||   193
         Headbutt          |    19 |    18 |    29 |    19 ||    85
         Punch             |     2 |       |     2 |       ||     4
         Mace              |       |    54 |   206 |   122 ||   382
 Invoke: Recite            |       |       |     3 |     1 ||     4
         Vitalisation      |       |       |       |     2 ||     2
  Evoke: Wand              |       |     1 |    20 |     6 ||    27
    Use: Scroll            |     6 |     3 |     9 |     2 ||    20
         Potion            |     5 |     2 |     3 |     2 ||    12
   Stab: Sleeping          |     2 |     4 |     2 |       ||     8
         Distracted        |     1 |       |       |       ||     1
         Paralysed         |       |       |       |     4 ||     4
 Armour: Robe              |    18 |    30 |    15 |       ||    63
         Skin              |    11 |       |       |       ||    11
         Leather armour    |       |       |    77 |    40 ||   117
  Dodge: Dodged            |    49 |    66 |   206 |    98 ||   419
  Block: Other             |    25 |    28 |    80 |    49 ||   182
         Reflection        |       |       |       |     2 ||     2
